 Dungeon Crawl Stone Soup version 0.31-a0-845-g9abc20d24f (webtiles) character file.

Game seed: 16957495922058525607

6606 Dirtsage the Cleaver (level 10, 0/86 HPs)
             Began as a Minotaur Fighter on Oct 2, 2023.
             Was a Follower of the Shining One.
             Slain by a wight
             ... wielding a +1 great sword
              (2 damage)
             ... on level 9 of the Dungeon on Oct 3, 2023.
             The game lasted 00:17:51 (8478 turns).

Dirtsage the Cleaver (Minotaur Fighter)             Turns: 8478, Time: 00:17:51

Health: 0/86       AC: 14    Str: 21    XL:     10   Next: 71%
Magic:  9/10       EV:  9    Int:  7    God:    the Shining One [*.....]
Gold:   281        SH: 17    Dex: 10    Spells: 9/9 levels left

rFire   . . .        a - +0 war axe
rCold   + . .        c - +0 buckler
rNeg    . . .        y - +2 chain mail {rC+}
rPois   .            (helmet restricted)
rElec   .            (no cloak)
rCorr   .            x - +0 pair of gloves
SInv    .            (no boots)
Will    .....        g - amulet of reflection Stlth
                     (no ring)
HPRegen 0.34/turn    (no ring)
MPRegen 0.12/turn

%: reflection
@: divinely shielded, glowing
A: horns 2, retaliatory headbutt, weak 1
a: Renounce Religion, Divine Shield


You were on level 9 of the Dungeon.
You worshipped the Shining One.
The Shining One was aware of your devotion.
You visited 2 branches of the dungeon, and saw 10 of its levels.

You collected 487 gold pieces.
You spent 206 gold pieces at shops.

Inventory:

Hand Weapons
 a - a +0 war axe (weapon)
 i - a +2 heavy war axe
Armour
 c - a +0 buckler (worn)
 x - a +0 pair of gloves (worn)
 y - a +2 chain mail of cold resistance (worn)
Jewellery
 g - an amulet of reflection (around neck)
 u - an amulet of regeneration
Wands
 k - a wand of roots (10)
 F - a wand of flame (14)
 G - a wand of mindburst (21)
Scrolls
 b - 2 scrolls of noise
 e - a scroll of enchant armour {unknown}
 f - a scroll of vulnerability
 h - a scroll of fear {unknown}
 j - 2 scrolls of enchant weapon
 r - a scroll of poison {unknown}
 s - a scroll of revelation
 t - a scroll of teleportation
 v - a scroll of acquirement
 z - 2 scrolls of fog
 B - a scroll of blinking
 D - 2 scrolls of amnesia
Potions
 d - 4 potions of might
 l - 2 potions of heal wounds
 n - a potion of degeneration
 o - 2 potions of lignification
 p - 3 potions of attraction
 q - 4 potions of curing
 w - a potion of berserk rage {unknown}
 C - a potion of brilliance {unknown}


   Skills:
 + Level 7.5 Fighting
 * Level 14.3 Axes
 + Level 7.5 Armour
 + Level 5.6 Dodging
 + Level 7.3 Shields
 + Level 2.6 Invocations


You had 9 spell levels left.
You didn't know any spells.
Your spell library contained the following spells:

 Spells                   Type           Power      Damage    Failure   Level
 Apportation              Tloc           0%         N/A       97%         1
 Freeze                   Ice            0%         1d3       97%         1
 Jinxbite                 Hex            0%         N/A       99%         2
 Frozen Ramparts          Ice            0%         1d1       100%        3
 Hailstorm                Conj/Ice       0%         3d3       100%        3
 Animate Dead             Necr           0%         N/A       100%        4
 Alistair's Intoxication  Tmut/Pois      0%         N/A       100%        5
 Haunt                    Necr/Summ      0%         N/A       100%        7
 Infestation              Necr           0%         N/A       100%        8


Dungeon Overview and Level Annotations

Branches:
Dungeon (9/15)             Temple (1/1) D:4
   Lair: D:8-11         Orc: D:9-12

Altars:
Ashenzari
Cheibriados
Dithmenos
Elyvilon
Fedhas
Gozag
Hepliaklqana
Kikubaaqudgha
Makhleb
Nemelex Xobeh
Qazlal
Trog
Uskayaw
Vehumet
Wu Jian
Xom
Yredelemnul
Zin
The Shining One

Shops:
D:1 ?   D:3 ?   D:5 ?   D:8 !

Annotations:
D:2 1 runed translucent door, Crazy Yiuf
D:6 1 exclusion, Blork the orc


Innate Abilities, Weirdness & Mutations

You have a pair of horns on your head.
You reflexively headbutt those who attack you in melee.
You are weak. (Str -2)


Message History

You hit the wight but do no damage. You slash the yak!
You hit the yak but do no damage. You block the yak's attack. x2
You block the wight's attack.
The wight hits you from afar with a +3 halberd.
* * * LOW HITPOINT WARNING * * *
You take 5 damage, and have 23/86 hp.
You slash the wight!
The wight is moderately damaged.
You barely miss the yak. You hit the yak but do no damage.
You block the yak's attack. x2; The wight closely misses you.
You block the wight's attack.
You barely miss the wight. You headbutt the wight.
The wight is severely damaged.
You hit the yak. You slash the yak!
You kill the yak!
You block the yak's attack. The wight barely misses you.
You block the wight's attack.
You hit the wight.
The wight is severely damaged.
You hit the yak. x2
You kill the yak!
You block the yak's attack. You block the wight's attack.
You block the yak's attack. You block the wight's attack.
The wight hits you with a +1 great sword!
* * * LOW HITPOINT WARNING * * *
A wight comes into view. It is wielding a +0 dagger.
You block the wight's attack.
You take 13 damage, and have 11/86 hp.
You hit the wight.
The wight is moderately damaged.
You hit the wight but do no damage. You hit the wight. You slash the yak!
You slash the wight!
You destroy the wight!
The Shining One accepts your kill.
You slash the yak! You hit the wight. You completely miss the wight.
The yak gores you!
* * * LOW HITPOINT WARNING * * *
You block the wight's attack.
The wight hits you with a +1 great sword.
You die...

#####.....#
#...#....)#
##...#.....#
.....#.....#
....#..##.#
z...#..##.# #####
#...#.....#
###....##)..#.....#
#.[.....z@..#.....#
#........Yz.#.....#
#...........#.....#
########'####.....#
#..........#
#..........#
#..##......#
#..##..##..#
#......# ..#


You could see a yak and 3 wights.

Vanquished Creatures
  A two-headed ogre (D:4)
  A kobold demonologist (D:9)
  Prince Ribbit (D:8)
  A wyvern (D:9)
  2 shadows
  7 yaks
  Eustachio (D:6)
  A steam dragon (D:6)
  An acid dragon (D:9)
  4 water moccasins
  2 ice beasts
  4 orc warriors
  3 sky beasts
  A black bear (D:5)
  2 ogres (D:5)
  A centaur (D:8)
  A kobold brigand (D:7)
  6 bullfrogs
  2 scorpions (D:5)
  13 wights
  2 hounds
  A jelly (D:6)
  4 orc priests
  A gnoll bouda (D:8)
  Terence (D:3)
  9 orc wizards
  2 sleepcaps
  2 iguanas (D:5)
  6 gnolls
  9 adders
  2 white imps
  2 ufetubi
  2 worms
  7 dart slugs
  38 orcs
  5 bats
  10 endoplasms
  8 giant cockroaches
  7 goblins
  10 hobgoblins
  8 jackals (D:2)
  14 kobolds
  6 quokkas
  9 ball pythons
  3 frilled lizards
  4 rats
227 creatures vanquished.

Notes
Turn   | Place    | Note
-------+----------+-------------------------------------------
     0 | D:1      | Dirtsage the Minotaur Fighter began the quest for the Orb.
     0 | D:1      | Reached XP level 1. HP: 19/19 MP: 0/0
    67 | D:1      | Reached skill level 3 in Axes
    74 | D:1      | Reached XP level 2. HP: 22/26 MP: 1/1
   111 | D:1      | Found Rowos's Magic Scroll Boutique.
   241 | D:1      | Reached skill level 4 in Axes
   408 | D:1      | Reached XP level 3. HP: 31/31 MP: 2/2
  1014 | D:2      | Reached skill level 5 in Axes
  1107 | D:2      | Reached XP level 4. HP: 28/39 MP: 3/3
  1182 | D:2      | Found a faded altar of an unknown god.
  1512 | D:2      | Found a runed translucent door.
  1513 | D:2      | Noticed Crazy Yiuf
  1971 | D:3      | Found Hiecros's Magic Scroll Shoppe.
  1979 | D:3      | Reached skill level 6 in Axes
  2067 | D:3      | Found a white marble altar of Elyvilon.
  2068 | D:3      | Noticed Terence
  2072 | D:3      | Killed Terence
  2073 | D:3      | Reached XP level 5. HP: 41/45 MP: 4/4
  2272 | D:4      | Found a shadowy altar of Dithmenos.
  2342 | D:4      | Reached skill level 7 in Axes
  2448 | D:4      | Reached XP level 6. HP: 46/51 MP: 5/5
  2531 | D:4      | Found a staircase to the Ecumenical Temple.
  2546 | Temple   | Entered the Ecumenical Temple
  2574 | D:4      | Noticed a two-headed ogre
  2603 | D:4      | Reached skill level 8 in Axes
  2637 | D:4      | Killed a two-headed ogre
  2638 | D:4      | Reached skill level 10 in Axes
  2638 | D:4      | Reached XP level 7. HP: 10/57 MP: 6/6
  2813 | D:4      | Identified the +1 helmet of Recklessness {Int+3}
  2936 | D:4      | Reached skill level 11 in Axes
  2937 | D:4      | Found a burning altar of Makhleb.
  3196 | D:5      | Entered Level 5 of the Dungeon
  3233 | D:5      | Found Xickamot's Magic Scroll Boutique.
  3241 | D:5      | Bought a scroll of identify for 24 gold pieces
  3292 | D:5      | Reached XP level 8. HP: 55/64 MP: 7/7
  3380 | D:5      | Found an opulent altar of Gozag.
  3444 | D:5      | Reached skill level 1 in Dodging
  4012 | D:6      | Reached skill level 12 in Axes
  4343 | D:6      | Found an ancient bone altar of Kikubaaqudgha.
  4343 | D:6      | Found a hide-covered altar of Uskayaw.
  4404 | D:6      | Reached skill level 5 in Armour
  4430 | D:6      | Found a glowing golden altar of the Shining One.
  4456 | D:6      | Reached skill level 5 in Fighting
  4456 | D:6      | Reached skill level 5 in Shields
  4456 | D:6      | Reached XP level 9. HP: 74/74 MP: 8/8
  4518 | D:6      | Noticed Eustachio
  4526 | D:6      | Killed Eustachio
  4532 | D:6      | Noticed Blork the orc
  5270 | D:7      | Identified a scroll of acquirement
  5459 | D:7      | Found a broken altar of Ashenzari.
  5665 | D:7      | Reached skill level 13 in Axes
  6612 | D:6      | Gained mutation: You are weak. (Str -2) [potion of
                  | mutation]
  6612 | D:6      | Gained mutation: You possess an exceptional clarity of
                  | mind. [potion of mutation]
  6612 | D:6      | Lost mutation: You possess an exceptional clarity of mind.
                  | [potion of mutation]
  6616 | D:6      | Became a worshipper of the Shining One
  6663 | D:7      | Reached XP level 10. HP: 19/84 MP: 9/9
  7166 | D:8      | Noticed Prince Ribbit
  7182 | D:8      | Killed Prince Ribbit
  7183 | D:8      | Reached skill level 1 in Invocations
  7341 | D:8      | Found a hazy altar of Hepliaklqana.
  7364 | D:8      | Reached * piety under the Shining One
  7490 | D:8      | Reached skill level 5 in Dodging
  7596 | D:8      | Found Biw Ynoc's Distillery.
  7599 | D:8      | Bought a potion of might for 56 gold pieces
  7599 | D:8      | Bought a potion of might for 56 gold pieces
  7599 | D:8      | Bought a potion of heal wounds for 70 gold pieces
  7893 | D:9      | Reached skill level 14 in Axes
  8051 | D:9      | Noticed a soul eater
  8075 | D:9      | Noticed a soul eater
  8478 | D:9      | HP: 2/86 [yak (10)]
  8478 | D:9      | Slain by a wight

Illustrated notes

Levels and vault maps discovered:
D:1:      onia_arrival_mini_spirals, layout_loops_ring, serial_shops, shop
D:2:      layout_basic, chequers_ecumenical_altar_simple,
          uniq_crazy_yiuf_cottage
D:3:      layout_basic, elyvilon_altar_3, serial_shops,
          nicolae_shop_pleasant_corner_grove, serial_glass, glass_columns_b,
          glass_columns_b, uniq_terence
D:4:      minmay_clustersquares, layout_cave_pools, lemuel_tele_altar,
          lightli_temple_of_fire, minmay_temple_entry_gardened_gates
D:5:      layout_rooms, mainiacjoe_overflow_surrounded_room, serial_shops, shop
D:6:      layout_loops_ring, tgw_sif, general_overflow_altar,
          nicolae_overflow_two_pavilions, uniq_eustachio
D:7:      layout_cave_pods, nicolae_ashenzari_panopticon,
          minmay_misc_feat_nine_boxes
D:8:      layout_basic, nzn_hepliaklqana_mist_gate, serial_shops,
          kennysheep_mini_moat, kennysheep_nondescript, uniq_prince_ribbit1
D:9:      layout_stronghold, mainiacjoe_overflow_chevrons, orc_david_3,
          enter_bailey_2, billiards_dpeg
Temple:   chequers_temple_sunken

Skill      XL: |  1  2  3  4  5  6  7  8  9 10 |
---------------+-------------------------------+-----
Axes           | 3 4 5 6 7 10 11 12 13 14 | 14.3
Fighting       | 5 6 7 |  7.5
Armour         | 5 6 7 |  7.5
Dodging        | 2 4 5 |  5.6
Shields        | 5 6 7 |  7.3
Invocations    | 2 |  2.6

Action                     |  1- 3 |  4- 6 |  7- 9 | 10-12 || total
---------------------------+-------+-------+-------+-------++-------
  Melee: War axe           |    82 |   124 |   279 |   146 ||   631
         Headbutt          |    14 |    18 |    58 |    32 ||   122
 Invoke: Divine Shield     |       |       |       |     2 ||     2
    Use: Scroll            |       |       |    13 |       ||    13
         Potion            |       |       |     4 |       ||     4
 Armour: Scale mail        |    25 |       |       |       ||    25
         Chain mail        |    21 |    80 |   155 |    79 ||   335
         Skin              |       |       |     3 |       ||     3
  Dodge: Dodged            |    35 |    28 |    58 |    40 ||   161
  Block: Buckler           |    41 |    41 |   120 |    75 ||   277
         Reflection        |     4 |       |     3 |     1 ||     8

Table legend: (Time is in decaauts)
 A = Elapsed time spent in this place.
 B = Non-inter-level travel time spent in this place.
 C = Inter-level travel time spent in this place.
 D = Time resting spent in this place.
 E = Time spent auto-exploring this place.
 F = Levels seen in this place.
 G = Mean time per level.
                   A        B        C        D        E       F      G
               +--------+--------+--------+--------+--------+-----+--------+
         Total |   8474 |   8044 |    430 |    631 |   6115 |  10 |  847.4 |
       Dungeon |   8470 |   8043 |    427 |    631 |   6115 |   9 |  941.1 |
        Temple |      4 |      2 |      2 |      0 |      0 |   1 |    4.0 |
               +--------+--------+--------+--------+--------+-----+--------+

Top non-repeatable levels by time:
     D:7: 1335 daAuts
     D:8: 1236 daAuts
     D:6: 1191 daAuts
     D:4: 952 daAuts
     D:2: 828 daAuts
     D:5: 815 daAuts
     D:1: 796 daAuts
     D:3: 684 daAuts
     D:9: 630 daAuts
  Temple: 4 daAuts
